 Dungeon Crawl Stone Soup version 0.29-a0-824-gd827844252 (webtiles) character file.

Game seed: 6747233354398399054

51 coolguy69 the Trooper (level 3, -6/30 HPs)
             Began as a Vine Stalker Berserker on July 11, 2022.
             Was a Believer of Trog.
             Mangled by a gnoll
             ... wielding a +0 halberd
              (7 damage)
             ... on level 2 of the Dungeon.
             The game lasted 00:01:00 (1357 turns).

coolguy69 the Trooper (Vine Stalker Berserker)      Turns: 1357, Time: 00:01:03

Health: -6/30      AC:  5    Str: 21    XL:     3   Next: 81%
Magic:  0/4        EV: 11    Int:  7    God:    Trog [**....]
Gold:   27         SH:  0    Dex: 13    Spells: 2/2 levels left

rFire   . . .      SeeInvis .   a - +0 short sword
rCold   . . .      Faith    .   (no shield)
rNeg    . . .      Spirit   +   c - +0 ring mail
rPois   .          Reflect  .   (no helmet)
rElec   .          Harm     .   (no cloak)
rCorr   .          Rampage  .   (no gloves)
Will    .....                   (no boots)
Stlth   ..........              (no amulet)
HPRegen 0.10/turn               (no ring)
MPRegen 0.09/turn               (no ring)

@: berserking (expiring), very quick
A: fangs 2, magic shield, antimagic bite, no potion heal 2
a: Renounce Religion, Berserk, Trog's Hand


You were on level 2 of the Dungeon.
You worshipped Trog.
Trog was pleased with you.
You visited 1 branch of the dungeon, and saw 2 of its levels.

You collected 27 gold pieces.

Inventory:

Hand Weapons
 a - a +0 short sword (weapon)
Armour
 c - a +0 ring mail (worn)
Scrolls
 b - a scroll of fear {unknown}
 d - a scroll of teleportation {unknown}
 e - a scroll of immolation {unknown}


   Skills:
 + Level 3.2 Fighting
 + Level 3.2 Short Blades
 + Level 2.0 Armour
 + Level 1.9 Dodging


You had 2 spell levels left.
You didn't know any spells.
Your spell library was empty.

Dungeon Overview and Level Annotations

Branches:
Dungeon (2/15)

Altars:


Innate Abilities, Weirdness & Mutations

You have extremely sharp teeth.
When hurt, damage is shared between your health and your magic reserves.
Your bite disrupts and absorbs the magic of your enemies.
Potions cannot restore your health.


Message History

You feel yourself moving faster!
You feel mighty! The quokka barely misses you.
The gnoll shouts!
You hit the quokka.
You kill the quokka!
Trog accepts your kill.
The gnoll hits you from afar with a +0 spear.
You see here a quokka corpse.
You hit the gnoll but do no damage.
The gnoll is lightly wounded.
You closely miss the gnoll.
The gnoll is lightly wounded.
The gnoll closely misses you. The gnoll hits you with a +0 whip.
You puncture the gnoll!
The gnoll is almost dead.
The gnoll barely misses you. The gnoll hits you but does no damage.
You hit the gnoll.
You kill the gnoll!
Trog accepts your kill. The quokka misses you.
The gnoll hits you from afar with a +0 halberd.
The gnoll barely misses you.
You see here a +0 whip.
You barely miss the quokka. Your bite misses the quokka. The quokka bites you.
* * * LOW HITPOINT WARNING * * *
The gnoll hits you with a +0 spear.
* * * LOW HITPOINT WARNING * * *
The gnoll barely misses you.
You barely miss the quokka. The quokka bites you.
* * * LOW HITPOINT WARNING * * *
You closely miss the quokka. The gnoll misses you.
The gnoll hits you with a +0 spear.
* * * LOW HITPOINT WARNING * * *
The quokka barely misses you.
You hit the quokka. You bite the quokka.
You kill the quokka!
Trog accepts your kill. The gnoll hits you with a +0 spear.
* * * LOW HITPOINT WARNING * * *
The gnoll hits you from afar with a +0 halberd!
You die...

#...........#
#...........##
#........$...
#......<.....
#............
#.......$....
####.g..........
#....gK#.#.....
#.####@#.# ....
######.#.<#†#.#
...
#.........#.#.#
.
#...........#.#
#.........###.#
#.............#
#.........#####
#.........#
#....†....##


You could see 2 gnolls and a kobold.

Vanquished Creatures
  A gnoll (D:2)
  A worm (D:2)
  A dart slug (D:2)
  2 bats (D:1)
  2 endoplasms (D:1)
  2 giant cockroaches (D:1)
  2 goblins (D:1)
  A hobgoblin (D:1)
  3 jackals (D:1)
  6 kobolds (D:1)
  3 quokkas
  5 ball pythons (D:1)
  A frilled lizard (D:2)
  4 rats (D:1)
34 creatures vanquished.

Notes
Turn   | Place    | Note
-------+----------+-------------------------------------------
     0 | D:1      | coolguy69 the Vine Stalker Berserker began the quest for
                  | the Orb.
     0 | D:1      | Reached XP level 1. HP: 11/11 MP: 2/2
   115 | D:1      | Found a faded altar of an unknown god.
   135 | D:1      | Reached XP level 2. HP: 11/16 MP: 3/3
   788 | D:1      | Reached XP level 3. HP: 19/20 MP: 4/4
   903 | D:1      | Reached ** piety under Trog
  1357 | D:2      | HP: 1/30 [gnoll/+0 spear (3)]
  1357 | D:2      | Mangled by a gnoll

Illustrated notes

Levels and vault maps discovered:
D:1:      dpeg_chamrin_arrival_tetris, layout_basic,
          shapermc_ecumenical_altar_starsandcircs
D:2:      layout_basic, serial_shops,
          nicolae_shop_temple_entry_statues_fountains

Skill      XL: |  1  2  3 |
---------------+----------+-----
Short Blades   | 3 |  3.2
Fighting       | 3 |  3.2
Armour         | 2 |  2.0
Dodging        | |  1.9

Action                   || total
-------------------------++-------
Melee: Short sword       ||   100
       Bite              ||    23
Invok: Berserk           ||     1
Armor: Ring mail         ||    38
Dodge: Dodged            ||    64

Table legend: (Time is in decaauts)
 A = Elapsed time spent in this place.
 B = Non-inter-level travel time spent in this place.
 C = Inter-level travel time spent in this place.
 D = Time resting spent in this place.
 E = Time spent auto-exploring this place.
 F = Levels seen in this place.
 G = Mean time per level.
                   A        B        C        D        E       F      G
               +--------+--------+--------+--------+--------+-----+--------+
         Total |   1348 |   1332 |     16 |    160 |    953 |   2 |  674.0 |
       Dungeon |   1348 |   1332 |     16 |    160 |    953 |   2 |  674.0 |
               +--------+--------+--------+--------+--------+-----+--------+

Top non-repeatable levels by time:
     D:1: 1289 daAuts
     D:2: 59 daAuts
